 Dungeon Crawl Stone Soup version 0.31-a0-233-g139696dc86 (webtiles) character file.

Game seed: 6498349391514858591

25 Demosthentine the Ducker (level 2, 23/23 HPs)
             Began as a Demonspawn Gladiator on July 8, 2023.
             Got out of the dungeon alive.
             The game lasted 00:00:37 (618 turns).

Demosthentine the Ducker (Demonspawn Gladiator)      Turns: 618, Time: 00:00:37

Health: 23/23      AC:  4    Str: 14    XL:     2   Next: 86%
Magic:  2/2        EV: 12    Int:  9    God:
Gold:   36         SH:  0    Dex: 14    Spells: 1/1 levels left

rFire   . . .        a - +0 trident
rCold   . . .        (no shield)
rNeg    . . .        b - +0 leather armour
rPois   .            c - +0 helmet
rElec   .            (no cloak)
rCorr   +            (no gloves)
SInv    .            (no boots)
Will    .....        (no amulet)
Stlth   +            k - ring of resist corrosion
HPRegen 0.23/turn    (no ring)
MPRegen 0.08/turn

%: no passive effects
@: no status effects
A: claws 1
a: no special abilities


You escaped.
You visited 1 branch of the dungeon, and saw 1 of its levels.

You collected 36 gold pieces.

Inventory:

Hand Weapons
 a - a +0 trident (weapon)
Missiles
 d - 3 throwing nets (quivered)
 e - 6 javelins
Armour
 b - a +0 leather armour (worn)
 c - a +0 helmet (worn)
Jewellery
 k - a ring of resist corrosion (left claw)
Scrolls
 g - a scroll of fear
Potions
 f - a potion of might {unknown}
 h - a potion of curing {unknown}
 i - a potion of attraction {unknown}


   Skills:
 + Level 2.4 Fighting
 + Level 3.0 Polearms
 - Level 1.7 Throwing
 + Level 1.0 Armour
 + Level 3.0 Dodging


You had one spell level left.
You didn't know any spells.
Your spell library was empty.

Dungeon Overview and Level Annotations

Branches:
Dungeon (1/15)

Altars:

Shops:
D:1 :


Innate Abilities, Weirdness & Mutations

You have sharp fingernails.


Message History

A frilled lizard is nearby!
You miss the frilled lizard.
The frilled lizard bites you but does no damage.
A frilled lizard is nearby!
You barely miss the frilled lizard. The frilled lizard bites you.
A frilled lizard is nearby!
You barely miss the frilled lizard. The frilled lizard bites you.
You miss the frilled lizard. The frilled lizard closely misses you.
A frilled lizard is nearby!
You puncture the frilled lizard!
You kill the frilled lizard!
You see here a frilled lizard corpse.
Things that are here:
a +0 short sword of holy wrath; a kobold skeleton
Found a stone staircase leading down.
No target in view!
Key pressed, stopping explore.
No target in view!
No target in view!
Done exploring.
No target in view!
Done exploring.
No target in view!
Done exploring.
Done exploring.
Done exploring.
k - a ring of resist corrosion (left claw)
As you read the scroll labelled WACUNO EKLO, it crumbles to dust.
You assume a fearsome visage.
Nothing appears to happen.
It was a scroll of fear.
As you read the scroll labelled IJOSTREEZA, it crumbles to dust.
You feel momentarily disoriented.
It was a scroll of revelation.
As you read the scroll labelled PAUDWI IJEOFA, it crumbles to dust.
It is a scroll of amnesia.
You feel forgetful for a moment.
You open the door.
There is an open door here.
There is a staircase leading out of the dungeon here.
Are you sure you want to leave the Dungeon?
This will make you lose the game!
You have escaped!

#.# #...# ##.# #.#
###...### #.#### #.#
#.......# ##....#
#.####.......####......
#.#.....(.......#.#..†#
#.'......⌠......+.#...#
###.............#######
####.......######....
#@......#####..###
###...#######.####
#...#######.####
#...#######.####
##'########.####
#..........####
###############
###############
###############


There were no monsters in sight!

Vanquished Creatures
  A dart slug (D:1)
  3 ball pythons (D:1)
  3 endoplasms (D:1)
  A goblin (D:1)
  2 hobgoblins (D:1)
  2 kobolds (D:1)
  6 bats (D:1)
  3 frilled lizards (D:1)
  2 rats (D:1)
23 creatures vanquished.

Notes
Turn   | Place    | Note
-------+----------+-------------------------------------------
     0 | D:1      | Demosthentine the Demonspawn Gladiator began the quest for
                  | the Orb.
     0 | D:1      | Reached XP level 1. HP: 16/16 MP: 1/1
    97 | D:1      | Gained mutation: You have sharp fingernails. [demonic
                  | ancestry]
    97 | D:1      | Reached XP level 2. HP: 20/22 MP: 2/2
   137 | D:1      | Found Duem's Book Emporium.
   462 | D:1      | Reached skill level 1 in Armour
   473 | D:1      | Found a faded altar of an unknown god.
   618 | D:$      | Got out of the dungeon alive.

Illustrated notes

Levels and vault maps discovered:
D:1:      minmay_arrival_cross, layout_basic, serial_shops,
          nicolae_book_shop_shelving, shapermc_ecumenical_altar_mp_highgroup

Skill      XL: |  1  2 |
---------------+-------+-----
Armour         | 1 |  1.0
Dodging        | 3 |  3.0
Polearms       | 3 |  3.0
Fighting       | |  2.4
Throwing       | |  1.7

Action                     || total
---------------------------++-------
  Melee: Trident           ||    73
    Use: Scroll            ||     3
   Stab: Sleeping          ||     1
 Armour: Leather armour    ||    23
  Dodge: Dodged            ||    31

Table legend: (Time is in decaauts)
 A = Elapsed time spent in this place.
 B = Non-inter-level travel time spent in this place.
 C = Inter-level travel time spent in this place.
 D = Time resting spent in this place.
 E = Time spent auto-exploring this place.
 F = Levels seen in this place.
 G = Mean time per level.
                   A        B        C        D        E       F      G
               +--------+--------+--------+--------+--------+-----+--------+
         Total |    629 |    629 |      0 |      0 |    464 |   1 |  629.0 |
       Dungeon |    629 |    629 |      0 |      0 |    464 |   1 |  629.0 |
               +--------+--------+--------+--------+--------+-----+--------+

Top non-repeatable levels by time:
     D:1: 629 daAuts
